 Dungeon Sprint DCSS version 0.20.1-1-g8b1a95d (webtiles) character file.

3060 equalderp2856 the Ripper (level 9, -2/44 HPs)
             Began as a Felid Fighter on July 13, 2017.
             Was an Initiate of Gozag.
             Killed from afar by an acid dragon (10 damage)
             ... with a splash of acid
             ... in the Dungeon (Sprint VII: "The Pits").
             The game lasted 00:11:43 (2446 turns).

equalderp2856 the Ripper (Felid Fighter)            Turns: 2446, Time: 00:11:43

Health: -2/44      AC:  2    Str: 16    XL:     9   Next: 57%
Magic:  10/10      EV: 32    Int: 12    God:    Gozag
Gold:   794        SH:  0    Dex: 19    Spells: 8/8 levels left
                                        Lives:  0   Deaths: 2

rFire    . . .     SeeInvis +     - Unarmed
rCold    . . .     Gourm    .   (shield unavailable)
rNeg     . . .     Faith    .   (armour unavailable)
rPois    .         Spirit   .   (helmet unavailable)
rElec    .         Reflect  .   (cloak unavailable)
rCorr    .         Harm     .   (gloves unavailable)
MR       +....     NoTele   +   (boots unavailable)
Stlth    ++++++....             (no amulet)
Regen    0.2/turn               d - +3 ring of dexterity
MPRegen  0.2/turn               e - +3 ring of strength

@: gold aura, bribing [the Dungeon], quick
A: no armour, no weapons or thrown items, stealth, claws 1, fangs 3, see
invisible, carnivore 3, speed 1, shaggy fur 2, slow metabolism 1, subdued magic
1, sharp paws
a: Potion Petition, Call Merchant, Bribe Branch, Renounce Religion


You were in the Dungeon.
You worshipped Gozag.
Gozag was pleased with you.
You were not hungry.

You visited 1 branch You collected 3794 gold pieces.
You paid 3000 gold pieces to Gozag.

Inventory:

Jewellery
 d - a +3 ring of dexterity (left paw)
 e - a +3 ring of strength (right paw)
Wands
 n - a wand of polymorph (13/24)
Scrolls
 h - a scroll of blinking
 j - 3 scrolls of remove curse
 k - 5 scrolls of amnesia
Potions
 a - 3 potions of heal wounds
 c - 6 potions of curing
 f - 4 potions of magic
 g - 3 potions of berserk rage
 i - 2 potions of invisibility
 m - a potion of brilliance
Comestibles
 b - 8 meat rations


   Skills:
 + Level 8.2 Fighting
 + Level 14.7 Dodging
 + Level 12.4 Stealth
 + Level 19.6 Unarmed Combat


You had 8 spell levels left.
You didn't know any spells.

Dungeon Overview and Level Annotations

Branches:
Dungeon (1/1)

Altars:
Ashenzari
Cheibriados
Dithmenos
Elyvilon
Fedhas
Gozag
Hepliaklqana
Kikubaaqudgha
Makhleb
Nemelex Xobeh
Okawaru
Qazlal
Ru
Sif Muna
Trog
Uskayaw
Vehumet
Xom
Yredelemnul
Zin
The Shining One
Beogh
Jiyva
Lugonu

Annotations:
D Nergalle


Innate Abilities, Weirdness & Mutations

You cannot wear armour.
You are incapable of wielding weapons or throwing items.
Your paws allow you to move quietly. (Stealth)
You have sharp claws.
You have razor-sharp teeth.
You have supernaturally acute eyesight. (SInv)
You are carnivorous and can eat meat at any time.
You cover ground quickly.
You are covered in thick fur. (AC +2)
You have a slow metabolism.
Your sharp claws are effective at attacking unaware monsters.
Your spells are a little easier to cast, but a little less powerful.


Message History

Your small abomination is destroyed!
The orc knight hits your orc warlord with an enchanted battleaxe!
You barely miss the skeletal warrior.
The skeletal warrior is moderately damaged.
Your orc warlord closely misses the orc knight.
The vampire mage casts a spell.
Something hits the vampire mage!!
Something hits the bat simulacrum!!
The bat simulacrum vapourises!
Unknown command.
You scratch the skeletal warrior.
You bite the skeletal warrior, but do no damage.
The skeletal warrior is moderately damaged.
The flayed ghost stares, then turns away, jangling a coin purse.
The neqoxec is no longer distracted by gold.
The orc knight shoots a bolt.
The bolt hits the orc knight!!
The orc knight dies!
The acid dragon spits acid at you. The splash of acid hits you!
You die...
Your body crumbles into a pile of gold.

#..##'V#''#''#
...''..'..'..'
...''..'..'..'
#''###########
#''########################
#.........$.V....ยง.........
#.........(zo.......3..3.M.
#..##############V'########
#..# #.D@zW...# #..#
#..$oz...# #..# ####oo####
#..# .o$... #..# oo.$.....
#..# ....o...#.. #..#
####..#### # ...# #### ...#


You could see 4 orc knights, 2 skeletal warriors, a vampire mage (invisible), a
neqoxec, an acid dragon, a neutral flayed ghost (wandering) and a friendly orc
warlord.

Vanquished Creatures
  2 unseen horrors (D)
  A lindwurm (D)
  A large abomination (D)
  2 deep elf magi (D)
  Maurice (D)
  An efreet (D)
  A tyrant leech (D)
  A polar bear (D)
  Grinder (D)
  2 flying skulls (D)
  A shadow (D)
  A wraith (D)
  A yak (D)
  A wyvern (D)
  A hungry ghost (D)
  Grum (D)
  2 vampire mosquitoes (D)
  A water moccasin (D)
  4 wolves (D)
  A centaur (D)
  A crocodile (D)
  A big kobold (D)
  A scorpion (D)
  3 wights (D)
  4 killer bees (D)
  A hound (D)
  A jelly (D)
  An orc priest (D)
  Crazy Yiuf (D)
  An iguana (D)
  Terence (D)
  An ooze (D)
  2 ufetubi (D)
  An adder zombie (D)
  An adder skeleton (D)
  2 orcs (D)
  A bat (D)
  A bat skeleton (D)
  2 giant cockroaches (D)
  4 jackals (D)
  A ball python (D)
  A leopard gecko skeleton (D)
60 creatures vanquished.

Vanquished Creatures (collateral kills)
  2 skeletal warriors (D)
  An orc knight (D)
  A neqoxec (D)
4 creatures vanquished.

Vanquished Creatures (others)
  A deep elf master archer (D)
  A nagaraja (D)
  An orc warlord (D)
  A draconian shifter (D)
  A white draconian (D)
  A yellow draconian (D)
  A minotaur (D)
  A merfolk impaler (D)
  A vampire mage (D)
  2 alligators (D)
  2 orc knights (D)
  A hellion (D)
  2 yaktaurs (D)
  A merfolk (D)
  A wind drake (D)
  A water elemental (D)
  A wraith (D)
  A yak (D)
  3 vampire mosquitoes (D)
  A golden eye (D)
  A steam dragon (D)
  An eye of draining (D)
  An ufetubus (D)
28 creatures vanquished.

Grand Total: 92 creatures vanquished

Notes
Turn   | Place    | Note
-------+----------+-------------------------------------------
     0 | D        | equalderp2856 the Felid Fighter began the quest for the Orb.
     0 | D        | Reached XP level 1. HP: 10/10 MP: 2/2
     3 | D        | Killed a golden eye
    18 | D        | Found a bloodstained altar of Trog.
    18 | D        | Found a deep blue altar of Sif Muna.
    18 | D        | Found a viscous altar of Jiyva.
    18 | D        | Found a hazy altar of Hepliaklqana.
    18 | D        | Found an opulent altar of Gozag.
    19 | D        | Found a glowing golden altar of the Shining One.
    19 | D        | Found a glowing silver altar of Zin.
    19 | D        | Found a basalt altar of Yredelemnul.
    19 | D        | Found a shimmering altar of Xom.
    19 | D        | Found a sacrificial altar of Ru.
    19 | D        | Found a stormy altar of Qazlal.
    19 | D        | Found an iron altar of Okawaru.
    19 | D        | Found a sparkling altar of Nemelex Xobeh.
    19 | D        | Found a burning altar of Makhleb.
    19 | D        | Found a blossoming altar of Fedhas.
    19 | D        | Found a white marble altar of Elyvilon.
    19 | D        | Found a shadowy altar of Dithmenos.
    19 | D        | Found a snail-covered altar of Cheibriados.
    23 | D        | Found a roughly hewn altar of Beogh.
    23 | D        | Found a corrupted altar of Lugonu.
    23 | D        | Found a radiant altar of Vehumet.
    24 | D        | Found a shattered altar of Ashenzari.
    24 | D        | Found an ancient bone altar of Kikubaaqudgha.
    24 | D        | Found a hide-covered altar of Uskayaw.
    26 | D        | Became a worshipper of Gozag Ym Sagoz the Greedy
    64 | D        | Reached skill level 5 in Unarmed Combat
    64 | D        | Reached XP level 2. HP: 13/14 MP: 3/3
   208 | D        | Reached skill level 5 in Dodging
   209 | D        | Noticed Crazy Yiuf
   227 | D        | Killed Crazy Yiuf
   227 | D        | Reached skill level 6 in Unarmed Combat
   227 | D        | Reached XP level 3. HP: 18/18 MP: 4/4
   294 | D        | Noticed a big kobold
   306 | D        | Reached skill level 7 in Unarmed Combat
   309 | D        | Noticed a centaur
   315 | D        | Killed a big kobold
   315 | D        | Reached skill level 5 in Fighting
   315 | D        | Reached skill level 8 in Unarmed Combat
   315 | D        | Reached XP level 4. HP: 18/23 MP: 5/5
   371 | D        | Killed a centaur
   371 | D        | Reached skill level 9 in Unarmed Combat
   371 | D        | Reached XP level 5. HP: 16/27 MP: 6/6
   391 | D        | Reached skill level 10 in Unarmed Combat
   400 | D        | Killed an eye of draining
   443 | D        | Gained mutation: You are covered in thick fur. (AC +2) [Felid growth]
   443 | D        | Reached XP level 6. HP: 24/31 MP: 7/7
   542 | D        | Killed a vampire mage
   564 | D        | Killed a hellion
   672 | D        | Reached skill level 11 in Unarmed Combat
   676 | D        | Noticed a vampire mosquito
   687 | D        | Killed a vampire mosquito
   687 | D        | Reached skill level 1 in Stealth
   687 | D        | Reached skill level 12 in Unarmed Combat
   774 | D        | Killed a yaktaur
   856 | D        | Noticed Grinder
   868 | D        | Killed Grinder
   868 | D        | Reached skill level 13 in Unarmed Combat
   868 | D        | Reached XP level 7. HP: 26/36 MP: 8/8
   950 | D        | Noticed Terence
   950 | D        | Noticed an unseen horror
   962 | D        | Killed an unseen horror
   962 | D        | Reached skill level 10 in Dodging
   962 | D        | Reached skill level 5 in Stealth
   962 | D        | Reached skill level 14 in Unarmed Combat
   962 | D        | Reached XP level 8. HP: 22/40 MP: 9/9
   978 | D        | Killed Terence
  1195 | D        | Noticed a flying skull
  1208 | D        | Killed a flying skull
  1214 | D        | Reached skill level 15 in Unarmed Combat
  1243 | D        | Noticed Maurice
  1251 | D        | Killed Maurice
  1254 | D        | Reached XP level 9. HP: 43/43 MP: 10/10
  1276 | D        | Noticed an unseen horror
  1280 | D        | Reached skill level 16 in Unarmed Combat
  1298 | D        | Killed an unseen horror
  1332 | D        | Killed a yellow draconian
  1489 | D        | Reached skill level 17 in Unarmed Combat
  1546 | D        | Noticed a lindwurm
  1583 | D        | Killed a wind drake
  1832 | D        | Noticed a lindwurm
  1838 | D        | Noticed a tyrant leech
  1838 | D        | Noticed an efreet
  1838 | D        | Noticed a deep elf mage
  1840 | D        | Killed a deep elf mage
  1850 | D        | Killed a tyrant leech
  1850 | D        | Reached skill level 10 in Stealth
  1858 | D        | Killed an efreet
  1858 | D        | Reached XP level 10. HP: 47/48 MP: 11/11
  1891 | D        | Noticed a large abomination
  1904 | D        | Noticed a deep elf mage
  1917 | D        | Reached skill level 18 in Unarmed Combat
  1960 | D        | Mangled by a large abomination
  1961 | D        | Reached XP level 9. HP: -6/43 MP: 10/10
  1998 | D        | Killed a large abomination
  2034 | D        | Killed a lindwurm
  2036 | D        | Killed a deep elf mage
  2078 | D        | Noticed a flayed ghost
  2132 | D        | Noticed Grum
  2165 | D        | Reached skill level 19 in Unarmed Combat
  2168 | D        | Killed Grum
  2168 | D        | Reached XP level 10. HP: 41/48 MP: 11/11
  2258 | D        | Noticed a nagaraja
  2258 | D        | Noticed a blizzard demon
  2259 | D        | Noticed a vampire mage
  2260 | D        | Noticed a white draconian shifter
  2260 | D        | Noticed a white draconian
  2268 | D        | Killed a white draconian
  2273 | D        | Killed a nagaraja
  2277 | D        | Noticed a wizard
  2277 | D        | Noticed a blizzard demon
  2277 | D        | Noticed a dire elephant
  2277 | D        | Killed a white draconian shifter
  2278 | D        | Noticed an alligator
  2278 | D        | Noticed an alligator
  2278 | D        | Noticed a cherub
  2278 | D        | Noticed a merfolk impaler
  2279 | D        | Killed an alligator
  2302 | D        | Noticed a flayed ghost
  2302 | D        | Noticed a deep elf master archer
  2302 | D        | Noticed a minotaur
  2302 | D        | Noticed Nergalle
  2304 | D        | Killed an alligator
  2341 | D        | Killed a deep elf master archer
  2363 | D        | Slain by a dire elephant
  2364 | D        | Reached XP level 9. HP: -3/44 MP: 10/10
  2365 | D        | Killed a yaktaur
  2367 | D        | Killed a merfolk impaler
  2385 | D        | Noticed a yaktaur
  2395 | D        | Noticed a wolf spider
  2407 | D        | Noticed a skeletal warrior
  2407 | D        | Noticed a skeletal warrior
  2407 | D        | Noticed a skeletal warrior
  2407 | D        | Noticed a skeletal warrior
  2407 | D        | Noticed an orc knight
  2407 | D        | Noticed an orc knight
  2407 | D        | Noticed an orc knight
  2407 | D        | Noticed an orc knight
  2429 | D        | Killed a skeletal warrior
  2433 | D        | Noticed an orc knight
  2433 | D        | Noticed an orc knight
  2434 | D        | Noticed an orc warlord
  2434 | D        | Noticed an orc warlord
  2435 | D        | Noticed a guardian mummy
  2435 | D        | Noticed an orc knight
  2436 | D        | Noticed an orc knight
  2438 | D        | Killed an orc knight
  2438 | D        | Killed a skeletal warrior
  2440 | D        | Gained mutation: Your spells are a little easier to cast, but a little less powerful. [a neqoxec]
  2442 | D        | Killed an orc warlord
  2443 | D        | Killed an orc knight
  2446 | D        | Noticed a flayed ghost
  2446 | D        | Killed an orc knight
  2446 | D        | Killed from afar by an acid dragon

Skill      XL: |  1  2  3  4  5  6  7  8  9 10 |
---------------+-------------------------------+-----
Unarmed Combat | 5 6 8 9 10 13 14 15 19 18 | 19.6
Dodging        | 5 6 7 8 9 10 11 14 | 14.7
Fighting       | 4 5 6 7 8 |  8.2
Stealth        | 3 5 6 10 12 | 12.4

Action                   |  1- 3 |  4- 6 |  7- 9 | 10-12 || total
-------------------------+-------+-------+-------+-------++-------
Melee: Unarmed           |    40 |    43 |   103 |    38 ||   224
       Bite              |     5 |     1 |    12 |     2 ||    20
       Punch             |     3 |       |     6 |     3 ||    12
Invok: Bribe Branch      |       |       |     1 |       ||     1
  Use: Potion            |     4 |     2 |     6 |     3 ||    15
       Scroll            |       |       |     1 |       ||     1
 Stab: Distracted        |       |     2 |       |       ||     2
       Sleeping          |       |       |     4 |     1 ||     5
Armor: Skin              |     2 |     1 |     1 |     2 ||     6
Dodge: Dodged            |    41 |    33 |   125 |    68 ||   267
